 Dungeon Crawl Stone Soup version 0.30.1-9-gdf580d7c3d (webtiles) character file.

Game seed: 15217400337072799328

292 ChiefBigBeans the Poker (level 6, 0/49 HPs)
             Began as a Merfolk Gladiator on Oct 2, 2023.
             Killed from afar by a white imp (5 damage)
             ... with a puff of frost
             ... on level 5 of the Dungeon.
             The game lasted 00:07:01 (2897 turns).

ChiefBigBeans the Poker (Merfolk Gladiator)         Turns: 2897, Time: 00:07:01

Health: 0/49       AC: 11    Str: 15    XL:     6   Next: 33%
Magic:  6/6        EV:  4    Int:  7    God:
Gold:   342        SH: 12    Dex: 17    Spells: 5/5 levels left

rFire   . . .        a - +0 trident
rCold   . . .        s - +0 tower shield
rNeg    . . .        v - +0 chain mail
rPois   .            c - +0 helmet
rElec   .            (no cloak)
rCorr   .            i - +0 pair of gloves
SInv    .            n - +0 pair of boots
Will    .....        (no amulet) Stlth
                     (no ring)
HPRegen 0.28/turn    (no ring)
MPRegen 0.10/turn

%: no passive effects
@: no status effects
A: (nimble swimmer 2), mertail
a: no special abilities


You were on level 5 of the Dungeon.
You visited 1 branch of the dungeon, and saw 5 of its levels.

You collected 342 gold pieces.

Inventory:

Hand Weapons
 a - a +0 trident (weapon)
Missiles
 o - a javelin (quivered)
Armour
 b - a +0 leather armour
 c - a +0 helmet (worn)
 i - a +0 pair of gloves (worn)
 l - a +0 ring mail
 n - a +0 pair of boots (worn)
 s - a +0 tower shield (worn)
 v - a +0 chain mail (worn)
Jewellery
 f - a ring of wizardry
Wands
 j - a wand of charming (9)
Scrolls
 g - 3 scrolls of identify
 p - a scroll of acquirement {unknown}
 r - a scroll of teleportation {unknown}
 t - a scroll of enchant weapon {unknown}
 u - a scroll of fear {unknown}
 w - a scroll of immolation {unknown}
Potions
 d - 2 potions of haste {unknown}
 h - a potion of magic {unknown}
 k - 3 potions of curing
 m - a potion of flight


   Skills:
 + Level 4.4 Fighting
 + Level 6.0 Polearms
 - Level 3.9 Throwing
 - Level 4.0 Dodging
 + Level 1.0 Shields


You had 5 spell levels left.
You didn't know any spells.
Your spell library contained the following spells:

 Spells                   Type           Power      Damage    Failure   Level
 Hailstorm                Conj/Ice       0%         3d3       100%        3
 Ice Form                 Ice/Tmut       0%         N/A       100%        4
 Simulacrum               Ice/Necr       0%         N/A       100%        6


Dungeon Overview and Level Annotations

Branches:
Dungeon (5/15)
 Temple: D:4-7

Altars:

Shops:
D:4 :

Annotations:
D:4 Eustachio


Innate Abilities, Weirdness & Mutations

((You are very nimble when in or above water. (Stealth+, EV+, Speed+++)))
Your lower body shifts to a powerful aquatic tail in water.


Message History

The puff of frost hits you. The white imp gestures at you.
The puff of frost hits you!
The white imp hits you but does no damage.
You barely miss the white imp. The white imp hits you.
The white imp freezes you.
You hit the white imp but do no damage. The white imp gestures at you.
The puff of frost hits you.
* * * LOW HITPOINT WARNING * * *
The white imp hits you but does no damage.
You hit the white imp but do no damage.
The white imp hits you but does no damage.
You hit the white imp but do no damage. The white imp gestures at you.
The puff of frost hits you.
* * * LOW HITPOINT WARNING * * *
You block the white imp's attack.
You hit the white imp.
The white imp is lightly wounded.
The white imp hits you but does no damage.
You closely miss the white imp.
The white imp is lightly wounded.
You block the white imp's attack.
You hit the white imp but do no damage.
The white imp is lightly wounded.
You block the white imp's attack. The white imp gestures at you.
The puff of frost misses you.
You hit the white imp.
The white imp is heavily wounded.
The white imp gestures at you. The puff of frost hits you.
* * * LOW HITPOINT WARNING * * *
You hit the white imp.
The white imp is severely wounded.
The white imp hits you but does no damage.
The white imp gestures at you. The puff of frost hits you.
You die...

... ... ....
..... ##...
...
###########.#
#.<...@.#.<.#
#....5....###
#.......###
#.......#
#####..##
##.# #.. ###


You could see a white imp.

Vanquished Creatures
  A howler monkey (D:4)
  A hound (D:3)
  An orc priest (D:2)
  2 orc wizards (D:3)
  3 adders
  6 worms
  4 dart slugs
  12 orcs
  7 ball pythons
  5 endoplasms
  A giant cockroach (D:2)
  10 goblins
  5 hobgoblins
  3 quokkas (D:3)
  9 bats
  4 frilled lizards
  5 kobolds
  8 rats
87 creatures vanquished.

Notes
Turn   | Place    | Note
-------+----------+-------------------------------------------
     0 | D:1      | ChiefBigBeans the Merfolk Gladiator began the quest for the
                  | Orb.
     0 | D:1      | Reached XP level 1. HP: 16/16 MP: 1/1
    44 | D:1      | Reached XP level 2. HP: 16/23 MP: 2/2
   490 | D:2      | Reached XP level 3. HP: 28/28 MP: 3/3
   771 | D:2      | Reached XP level 4. HP: 35/35 MP: 4/4
   806 | D:2      | Reached skill level 5 in Polearms
  1405 | D:3      | Reached XP level 5. HP: 22/42 MP: 5/5
  2230 | D:4      | Found Vioc's Book Emporium.
  2253 | D:4      | Reached XP level 6. HP: 46/48 MP: 6/6
  2362 | D:4      | Reached skill level 6 in Polearms
  2809 | D:4      | Noticed a moth of wrath
  2811 | D:4      | Noticed Eustachio
  2857 | D:4      | Reached skill level 1 in Shields
  2878 | D:5      | Entered Level 5 of the Dungeon
  2897 | D:5      | Killed from afar by a white imp

Illustrated notes

Levels and vault maps discovered:
D:1:      evilmike_arrival_hilbert_curve, layout_rooms
D:2:      minmay_inner_zag, layout_rooms, minmay_pentomino_t4
D:3:      layout_basic
D:4:      layout_basic, tgw_trog, serial_shops, nicolae_shop_rolling_square,
          minmay_misc_feat_more_columns, uniq_eustachio
D:5:      layout_rooms, kennysheep_flooded_box, kennysheep_cross_bottleneck

Skill      XL: |  1  2  3  4  5  6 |
---------------+-------------------+-----
Fighting       | 3 4 |  4.4
Polearms       | 5 6 |  6.0
Throwing       | 3 |  3.9
Shields        | 1 |  1.0
Dodging        | |  4.0

Action                     |  1- 3 |  4- 6 || total
---------------------------+-------+-------++-------
  Melee: Trident           |    75 |   233 ||   308
  Throw: Throwing net      |     5 |       ||     5
         Javelin           |    11 |    14 ||    25
         Dart              |       |     4 ||     4
    Use: Scroll            |     3 |     1 ||     4
         Potion            |     2 |     1 ||     3
 Armour: Leather armour    |     8 |       ||     8
         Ring mail         |    14 |    63 ||    77
         Chain mail        |       |    73 ||    73
  Dodge: Dodged            |    37 |    97 ||   134
  Block: Tower shield      |       |    78 ||    78
